 Dungeon Crawl Stone Soup version 0.23.0-3-gf3c87f2 (webtiles) character file.

Game seed: 4566947218649476549

203 misha the Poker (level 5, -1/43 HPs)
             Began as a Merfolk Berserker on Feb 24, 2019.
             Was a Believer of Trog.
             Succumbed to a kobold's poison
             ... on level 3 of the Dungeon.
             The game lasted 00:08:24 (2768 turns).

misha the Poker (Merfolk Berserker)                 Turns: 2768, Time: 00:08:24

Health: -1/43      AC:  6    Str: 18    XL:     5   Next: 81%
Magic:  5/5        EV: 12    Int:  7    God:    Trog [**....]
Gold:   170        SH:  0    Dex: 13    Spells: 4/4 levels left

rFire    + . .     SeeInvis .   a - +0 spear
rCold    + . .     Gourm    .   (no shield)
rNeg     . . .     Faith    .   q - +0 ring mail
rPois    .         Spirit   .   (no helmet)
rElec    .         Reflect  .   p - scarf {rC+ rF+}
rCorr    .         Harm     .   f - +0 pair of gloves
MR       .....                  (no boots)
Stlth    +.........             (no amulet)
HPRegen  0.14/turn              (no ring)
MPRegen  0.09/turn              (no ring)

@: lethally poisoned (-1 -> -15)
A: change form in water, swift swim, stealthy swim
a: Berserk, Trog's Hand, Renounce Religion


You were on level 3 of the Dungeon.
You worshipped Trog.
Trog was pleased with you.
You were not hungry.

You visited 1 branch of the dungeon, and saw 3 of its levels.

You collected 170 gold pieces.

Inventory:

Hand Weapons
 a - a +0 spear (weapon)
Missiles
 g - 76 stones (quivered)
 v - a throwing net
Armour
 b - a +0 animal skin
 f - a +0 pair of gloves (worn)
 p - a scarf of resistance (worn)
 q - a +0 ring mail (worn)
Scrolls
 d - 5 scrolls of identify {unknown}
 e - 3 scrolls of immolation {unknown}
 i - a scroll of fog {unknown}
 j - a scroll of noise {unknown}
 n - a scroll of remove curse {unknown}
 o - a scroll of enchant weapon {unknown}
 r - a scroll of blinking {unknown}
 s - a scroll of teleportation {unknown}
 t - a scroll of random uselessness {unknown}
 u - a scroll of enchant armour {unknown}
 w - a scroll of magic mapping {unknown}
Potions
 h - 2 potions of curing {unknown}
 k - 2 potions of degeneration {unknown}
 l - a potion of berserk rage {unknown}
 m - a potion of flight {unknown}
 x - 2 potions of resistance {unknown}
Comestibles
 c - 5 rations


   Skills:
 + Level 4.5 Fighting
 + Level 6.8 Polearms
 - Level 1.9 Armour
 + Level 3.6 Dodging
 + Level 1.2 Stealth


You had 4 spell levels left.
You didn't know any spells.
Your spell library was empty.

Dungeon Overview and Level Annotations

Branches:
Dungeon (3/15)

Altars:
Gozag
The Shining One


Message History

There is a lethal amount of poison in your body!
There is a lethal amount of poison in your body!
There is a lethal amount of poison in your body!
There is a lethal amount of poison in your body!
You eat one of the 6 rations.
That ration really hit the spot!
* * * LOW HITPOINT WARNING * * *
You feel sick.
A frilled lizard comes into view.
You are too injured to fight recklessly!
You are too injured to fight recklessly!
There is a lethal amount of poison in your body!
There is a lethal amount of poison in your body!
There is a lethal amount of poison in your body!
* * * LOW HITPOINT WARNING * * *
You feel sick.
You see here a scroll labeled WAUSSO BU OVU.
* * * LOW HITPOINT WARNING * * *
You feel sick.
The frilled lizard hisses angrily.
You die...

##....# ##...#.##
######....#..##
#........###..##
#.......##.##..###
#..%..(##...##..#.
#.....#+.....##...
###.†(.##.......##..
#?.@)### ..._... ###
#......# .......##..
...........##.....##...
....<....l...##...##..#.
..........#.#..# ##..##.
......###.#.#...###...##.
...... #.#.#.#..#..#.##.
...... #.#.#.#..#..#.#..
#.......#.#..


You could see a frilled lizard.

Vanquished Creatures
  An ogre (D:2)
  3 adders
  3 worms
  3 dart slugs
  A leopard gecko (D:2)
  7 bats
  2 giant cockroaches (D:2)
  9 goblins
  8 hobgoblins
  10 jackals (D:2)
  4 quokkas
  2 frilled lizards (D:1)
  10 kobolds
  6 rats
69 creatures vanquished.

Notes
Turn   | Place    | Note
-------+----------+-------------------------------------------
     0 | D:1      | misha the Merfolk Berserker began the quest for the Orb.
     0 | D:1      | Reached XP level 1. HP: 18/18 MP: 1/1
    80 | D:1      | Reached XP level 2. HP: 19/24 MP: 2/2
   972 | D:1      | Reached skill level 5 in Polearms
   972 | D:1      | Reached XP level 3. HP: 29/30 MP: 3/3
  1514 | D:2      | Reached ** piety under Trog
  1668 | D:2      | Reached XP level 4. HP: 36/37 MP: 4/4
  1873 | D:2      | Noticed an ogre
  1890 | D:2      | Killed an ogre
  1890 | D:2      | Reached skill level 6 in Polearms
  1890 | D:2      | Reached XP level 5. HP: 43/43 MP: 5/5
  2332 | D:3      | Reached skill level 1 in Stealth
  2357 | D:3      | Found an opulent altar of Gozag.
  2713 | D:3      | Found a glowing golden altar of the Shining One.
  2766 | D:3      | HP: 2/43 [poisoned by a kobold]
  2768 | D:3      | Succumbed to a kobold's poison

Skill      XL: |  1  2  3  4  5 |
---------------+----------------+-----
Dodging        | 3 |  3.6
Polearms       | 5 6 |  6.8
Fighting       | 4 |  4.5
Stealth        | 1 |  1.2
Armour         | |  1.9

Action                   |  1- 3 |  4- 6 || total
-------------------------+-------+-------++-------
Melee: Spear             |   153 |   122 ||   275
Invok: Berserk           |       |     1 ||     1
 Stab: Sleeping          |       |     1 ||     1
  Eat: Chunk             |     2 |     4 ||     6
       Ration            |       |     1 ||     1
Armor: Animal skin       |    14 |       ||    14
       Ring mail         |    22 |    20 ||    42
Dodge: Dodged            |    86 |    53 ||   139
